 Dungeon Sprint DCSS version 0.22-a0-858-g985ef60 (webtiles) character file.

584 Kidiri the Covert (level 7, -9/29 HPs)
             Began as a Spriggan Enchanter on July 27, 2018.
             Killed from afar by a white imp (11 damage)
             ... with a puff of frost
             ... summoned by a neqoxec
             ... in the Dungeon (Sprint II: "The Violet Keep of Menkaure").
             The game lasted 00:01:33 (191 turns).

Kidiri the Covert (Spriggan Enchanter)               Turns: 191, Time: 00:01:33

Health: -9/29      AC:  2    Str:  4      XL:     7   Next: 14%
Magic:  1/19       EV: 25    Int: 11 (16) God:
Gold:   243        SH:  0    Dex: 17      Spells: 10/22 levels left

rFire    . . .     SeeInvis +   a - +1 dagger
rCold    . . .     Gourm    .   (shield restricted)
rNeg     . . .     Faith    .   b - +0 robe
rPois    .         Spirit   .   (helmet restricted)
rElec    .         Reflect  .   (no cloak)
rCorr    .         Harm     .   (gloves unavailable)
MR       +....     NoTele   +   (boots unavailable)
Stlth    +++++.....             (no amulet)
HPRegen  0.09/turn              (no ring)
MPRegen  0.16/turn              (no ring)

@: very quick
A: very small, unfitting armour, see invisible, dopey 1, herbivore, speed 3,
frail 2, slow metabolism 2
a: no special abilities


You were in the Dungeon.
You were not hungry.

You visited 1 branch You collected 243 gold pieces.

Inventory:

Hand Weapons
 a - a +1 dagger (weapon)
Armour
 b - a +0 robe (worn)
Scrolls
 j - a scroll of blinking
Potions
 e - a potion of curing
 f - a potion of heal wounds
 g - a potion of haste
 h - 2 potions of magic
Comestibles
 d - a ration


   Skills:
 + Level 3.6 Fighting
 * Level 7.2 Short Blades
 + Level 3.2 Armour
 * Level 9.9 Dodging
 * Level 11.0 Stealth
 * Level 8.3 Spellcasting
 + Level 6.6 Hexes


You had 10 spell levels left.
You knew the following spells:

 Your Spells              Type           Power        Failure   Level  Hunger
a - Corona                Hex            ###....      1%          1    None
b - Ensorcelled Hibernat  Hex/Ice        ##....       6%          2    #......
c - Confuse               Hex            ###.....     3%          3    ##.....
d - Tukima's Dance        Hex            ###.....     3%          3    ##.....
e - Dazzling Spray        Conj/Hex       ##....       12%         3    ##.....

Your spell library contained the following spells:

 Spells                   Type           Power        Failure   Level  Hunger


Dungeon Overview and Level Annotations

Branches:
Dungeon (1/1)

Altars:

Annotations:
D exclusions: 6 doors and ice statue


Innate Abilities, Weirdness & Mutations

You are very small and have problems with some larger weapons.
You are too small for most types of armour.
You have supernaturally acute eyesight. (SInv)
You are a herbivore.
You cover ground extremely quickly.
You need to consume almost no food.
You are dopey. (Int -2)
You are very frail. (-20% HP)


Message History

* * * LOW HITPOINT WARNING * * *
You hit the neqoxec but do no damage.
The neqoxec is severely wounded.
The ufetubus disappears in a puff of smoke!
The neqoxec misses you. The white imp barely misses you.
Unknown command.
You hit the neqoxec but do no damage.
The neqoxec is severely wounded.
The neqoxec gestures at you.
Something tries to feed on your intellect!
You closely miss the neqoxec.
The neqoxec is severely wounded.
The white imp gestures at you. The puff of frost misses you.
You hit the neqoxec but do no damage.
The neqoxec is severely wounded.
The neqoxec misses you. The white imp gestures at you.
The puff of frost hits you!
You die...

§.§§.. # .§§§
###≈≈#+++#+++##
##≈≈≈.........#
.#≈≈≈≈.##+##..#
.#≈≈≈≈##...##
.#≈≈≈≈#..#..#
.#≈≈# ##†#5##
.#≈##. ##@##
.#≈ #3##3## .+
#55535+
#33##§## #5 #+#
#


You could see 2 neqoxecs, an iron imp, a white imp and a shadow imp.

Vanquished Creatures
  Menkaure (D)
  A neqoxec (D)
  4 necrophages (D)
6 creatures vanquished.

Vanquished Creatures (others)
  A crocodile (D)
1 creature vanquished.

Grand Total: 7 creatures vanquished

Notes
Turn   | Place    | Note
-------+----------+-------------------------------------------
     0 | D        | Kidiri the Spriggan Enchanter began the quest for the Orb.
     0 | D        | Reached XP level 1. HP: 9/9 MP: 5/5
     1 | D        | Noticed a necrophage
     1 | D        | Noticed a necrophage
     1 | D        | Noticed a necrophage
     1 | D        | Noticed a necrophage
    11 | D        | Killed a necrophage
    11 | D        | Reached skill level 1 in Fighting
    11 | D        | Reached skill level 1 in Armour
    11 | D        | Reached skill level 5 in Dodging
    11 | D        | Reached skill level 7 in Stealth
    11 | D        | Reached skill level 5 in Spellcasting
    11 | D        | Reached XP level 2. HP: 15/15 MP: 5/9
    11 | D        | Reached XP level 3. HP: 18/18 MP: 5/10
    11 | D        | Reached XP level 4. HP: 23/23 MP: 6/12
    17 | D        | Killed a necrophage
    17 | D        | Reached skill level 5 in Short Blades
    17 | D        | Reached skill level 8 in Stealth
    17 | D        | Reached skill level 5 in Hexes
    17 | D        | Reached XP level 5. HP: 27/27 MP: 6/14
    25 | D        | Killed a necrophage
    25 | D        | Reached skill level 9 in Stealth
    25 | D        | Killed a crocodile
    43 | D        | Killed a necrophage
    43 | D        | Reached XP level 6. HP: 25/32 MP: 9/17
    47 | D        | Learned a level 2 spell: Ensorcelled Hibernation
    51 | D        | Learned a level 3 spell: Confuse
    55 | D        | Learned a level 3 spell: Tukima's Dance
    59 | D        | Learned a level 3 spell: Dazzling Spray
   110 | D        | Noticed an ice statue
   112 | D        | Noticed Menkaure
   114 | D        | Killed Menkaure
   114 | D        | Reached skill level 10 in Stealth
   125 | D        | Noticed a neqoxec
   125 | D        | Noticed a neqoxec
   125 | D        | Noticed a neqoxec
   125 | D        | Noticed a neqoxec
   150 | D        | Killed a neqoxec
   150 | D        | Reached skill level 11 in Stealth
   150 | D        | Reached XP level 7. HP: 37/37 MP: 10/19
   159 | D        | Gained mutation: You are dopey. (Int -2) [a neqoxec]
   183 | D        | Gained mutation: You are frail. (-10% HP) [a neqoxec]
   184 | D        | Gained mutation: You are very frail. (-20% HP) [a neqoxec]
   191 | D        | Killed from afar by a white imp

Vault maps used:
D:        the_violet_keep_of_menkaure

Skill      XL: |  1  2  3  4  5  6 |
---------------+-------------------+-----
Fighting       | 1 2 3 |  3.6
Short Blades   | 3 5 6 7 |  7.2
Armour         | 1 2 3 |  3.2
Dodging        | 5 7 8 9 |  9.9
Stealth        | 7 8 9 11 | 11.0
Spellcasting   | 5 6 7 8 |  8.3
Hexes          | 4 5 6 |  6.6

Action                   |  1- 3 |  4- 6 |  7- 9 || total
-------------------------+-------+-------+-------++-------
Melee: Dagger            |     7 |    39 |    34 ||    80
 Cast: Corona            |     1 |     2 |       ||     3
       Dazzling Spray    |       |     2 |       ||     2
       Ensorcelled Hiber |       |     1 |     7 ||     8
  Use: Potion            |     1 |       |       ||     1
 Stab: Invisible         |       |     1 |       ||     1
       Sleeping          |       |     1 |       ||     1
Armor: Robe              |       |     1 |       ||     1
Dodge: Dodged            |     4 |    24 |    24 ||    52

Table legend:
 A = Spawn XP
 B = Non-spawn XP
 C = Spawn XP percentage of total XP
 D = Spawn monster count
 E = Non-spawn monster count
 F = Spawn count percentage of total count
 G = Total turns spent on level
                    A         B        C        D         E        F      G
               +---------+---------+-------+---------+---------+-------+---------
         Total |       0 |     835 |   0.0 |       0 |       6 |   0.0 |   191
               +---------+---------+-------+---------+---------+-------+---------
             D |       0 |     835 |   0.0 |       0 |       6 |   0.0 |   191
               +---------+---------+-------+---------+---------+-------+---------
